 Dungeon Crawl Stone Soup version 0.30-a0-719-gcc4359ea44 (webtiles) character file.

Game seed: 11775609127077811845

62 Dittersdorf the Shield-Bearer (level 4, -3/29 HPs)
             Began as a Gargoyle Fighter on Jan 26, 2023.
             Slain by a gnoll
             ... wielding a +0 flail
              (9 damage)
             ... on level 1 of the Dungeon.
             The game lasted 00:01:25 (839 turns).

Dittersdorf the Shield-Bearer (Gargoyle Fighter)     Turns: 839, Time: 00:01:26

Health: -3/29      AC: 13    Str: 21    XL:     4   Next: 8%
Magic:  4/4        EV:  7    Int:  9    God:
Gold:   23         SH:  4    Dex:  9    Spells: 3/3 levels left

rFire   . . .      SeeInvis .    a - +0 flail
rCold   . . .      Faith    .    c - +0 buckler
rNeg    + . .      Spirit   .    i - +0 chain mail
rPois   ∞          Reflect  .    (no helmet)
rElec   +          Harm     .    (no cloak)
rCorr   .          Rampage  .    (no gloves)
Will    .....                    (no boots) Stlth
                                 (no amulet)
HPRegen 0.24/turn                (no ring)
MPRegen 0.09/turn                (no ring)

@: no status effects
A: sickness immunity, AC +3, negative energy resistance 1, electricity
resistance, torment resistance 1, petrification resistance
a: no special abilities


You were on level 1 of the Dungeon.
You visited 1 branch of the dungeon, and saw 2 of its levels.

You collected 23 gold pieces.

Inventory:

Hand Weapons
 a - a +0 flail (weapon)
Armour
 c - a +0 buckler (worn)
 i - a +0 chain mail (worn)
Scrolls
 b - a scroll of magic mapping {unknown}
 e - a scroll of identify {unknown}
 f - 2 scrolls of enchant weapon {unknown}
Potions
 d - a potion of might
 g - 5 potions of curing {unknown}
 h - a potion of heal wounds {unknown}
 j - 2 potions of ambrosia {unknown}


   Skills:
 + Level 3.8 Fighting
 + Level 2.7 Maces & Flails
 + Level 3.9 Armour
 + Level 3.9 Shields


You had 3 spell levels left.
You didn't know any spells.
Your spell library was empty.

Dungeon Overview and Level Annotations

Branches:
Dungeon (2/15)

Altars:


Innate Abilities, Weirdness & Mutations

You are immune to sickness and miasma.
Your stone body is resilient. (AC +3)
You are immune to poison.
You resist negative energy. (rN+)
You are resistant to electric shocks. (rElec)
You are resistant to unholy torment.
You are immune to petrification.


Message History

The endoplasm freezes you.
You are frozen.
The goblin hits you but does no damage. The gnoll hits you but does no damage.
You barely miss the goblin. You block the endoplasm's attack.
The goblin hits you but does no damage. The gnoll closely misses you.
You closely miss the goblin. The endoplasm freezes you.
You are frozen.
The goblin hits you but does no damage. The gnoll barely misses you.
You thump the goblin!
You kill the goblin!
You block the endoplasm's attack. The gnoll barely misses you.
The endoplasm freezes you.
You are frozen.
* * * LOW HITPOINT WARNING * * *
The gnoll hits you but does no damage. The endoplasm attacks as you move away!
You block the endoplasm's attack.
Things that are here:
a +0 dagger; a hobgoblin corpse You barely miss the endoplasm.
The endoplasm freezes you.
You are frozen.
* * * LOW HITPOINT WARNING * * *
You sock the endoplasm!
You kill the endoplasm!
You hit the gnoll but do no damage. The gnoll hits you but does no damage.
You thump the gnoll!
The gnoll is heavily wounded.
The gnoll hits you but does no damage. x2
You thump the gnoll!
You kill the gnoll!
You have reached level 4!
You feel clever.
You hit the gnoll.
The gnoll is heavily wounded.
You block the gnoll's attack.
You closely miss the gnoll.
The gnoll is heavily wounded.
The gnoll hits you with a +0 flail!
You die...

####### ......# ...##.#
##.##.######## #.##........#
#.##..#####.######### ##.##..#
#.)>g@....# .#.###.# #..######.#
######### .#.# #.# #.## #.#
#.......# .#.###.#####.# ##.##
#.......#
............(######...###......)#
'###............................#
..8#..##.....######...###.......#
#.##.####....# ##.## #.......#
#.8#..##.....# ##.## #.......#


You could see a gnoll.

Vanquished Creatures
  A gnoll (D:1)
  2 adders (D:1)
  4 endoplasms (D:1)
  4 goblins (D:1)
  5 hobgoblins (D:1)
  3 jackals (D:1)
  2 ball pythons (D:1)
  5 bats (D:1)
  A frilled lizard (D:1)
  A kobold (D:1)
  3 rats (D:1)
31 creatures vanquished.

Notes
Turn   | Place    | Note
-------+----------+-------------------------------------------
     0 | D:1      | Dittersdorf the Gargoyle Fighter began the quest for the
                  | Orb.
     0 | D:1      | Reached XP level 1. HP: 14/14 MP: 1/1
   200 | D:1      | Reached XP level 2. HP: 19/19 MP: 2/2
   505 | D:1      | Found a faded altar of an unknown god.
   589 | D:1      | Reached XP level 3. HP: 20/23 MP: 3/3
   838 | D:1      | Reached XP level 4. HP: 5/29 MP: 4/4
   839 | D:1      | Slain by a gnoll

Illustrated notes

Levels and vault maps discovered:
D:1:      heliophobic_arrival_ceremonial_halls, layout_loops_ring,
          hellmonk_ecumenical_altar_heavens_door, kennysheep_small_spiral,
          minmay_misc_feat_hallway
D:2:      layout_rooms, serial_shops, nicolae_lakefront_shop

Action                     |  1- 3 |  4- 6 || total
---------------------------+-------+-------++-------
  Melee: Flail             |   103 |     2 ||   105
 Armour: Scale mail        |     5 |       ||     5
         Chain mail        |    94 |       ||    94
  Dodge: Dodged            |    53 |       ||    53
  Block: Buckler           |    44 |     1 ||    45

Table legend: (Time is in decaauts)
 A = Elapsed time spent in this place.
 B = Non-inter-level travel time spent in this place.
 C = Inter-level travel time spent in this place.
 D = Time resting spent in this place.
 E = Time spent auto-exploring this place.
 F = Levels seen in this place.
 G = Mean time per level.
                   A        B        C        D        E       F      G
               +--------+--------+--------+--------+--------+-----+--------+
         Total |    875 |    813 |     62 |      0 |    581 |   2 |  437.5 |
       Dungeon |    875 |    813 |     62 |      0 |    581 |   2 |  437.5 |
               +--------+--------+--------+--------+--------+-----+--------+

Top non-repeatable levels by time:
     D:1: 867 daAuts
     D:2: 8 daAuts
